 Dungeon Crawl Stone Soup version 0.30-b1-2-g02819fbbbe (webtiles) character file.

Game seed: 15385083457068827830

3262 LLlMATKO the Cleaver (level 9, -1/82 (83) HPs)
             Began as a Minotaur Berserker on Oct 31, 2023.
             Was a High Priest of Trog.
             Engulfed by a cloud of freezing vapour (14 damage)
             ... on level 6 of the Dungeon.
             The game lasted 00:08:04 (6728 turns).

LLlMATKO the Cleaver (Minotaur Berserker)           Turns: 6728, Time: 00:08:04

HP:   -1/82 (83)    AC: 13    Str: 26    XL:     9   Next: 68%
MP:   8/8           EV: 12    Int:  4    God:    Trog [*****.]
Gold: 428           SH:  0    Dex: 10    Spells: 8/8 levels left

rFire   + . .        a - +1 hand axe (protect)
rCold   . . .        g - orb {light}
rNeg    . . .        k - +0 scale mail
rPois   .            (helmet restricted)
rElec   .            z - +0 cloak
rCorr   .            c - +0 pair of gloves
SInv    .            e - +1 pair of boots
Will    .....        (no amulet) Stlth
                     d - ring of protection from fire
HPRegen 0.33/turn    (no ring)
MPRegen 0.11/turn

%: no passive effects
@: glowing, lightly drained
A: horns 2, retaliatory headbutt
a: Renounce Religion, Berserk, Trog's Hand, Brothers in Arms


You were on level 6 of the Dungeon.
You worshipped Trog.
Trog was extremely pleased with you.
You visited 1 branch of the dungeon, and saw 6 of its levels.
You also visited: Sewer and Ossuary.

You collected 428 gold pieces.

Inventory:

Hand Weapons
 a - a +1 hand axe of protection (weapon)
Missiles
 o - 14 poisoned darts
 s - a curare-tipped dart
 v - 12 boomerangs (quivered)
 y - 3 javelins
Armour
 c - a +0 pair of gloves (worn)
 e - a +1 pair of boots (worn)
 g - an orb of light (worn)
 k - a +0 scale mail (worn)
 z - a +0 cloak (worn)
Jewellery
 d - a ring of protection from fire (left hand)
 r - a ring of ice
 C - an amulet of magic regeneration
Wands
 i - a wand of paralysis (10)
Scrolls
 b - 4 scrolls of blinking
 j - a scroll of butterflies {unknown}
 m - 2 scrolls of fog
 q - 2 scrolls of immolation
 w - a scroll of teleportation
 x - a scroll of enchant weapon
 A - 4 scrolls of identify
Potions
 f - a potion of lignification {unknown}
 h - 3 potions of haste
 l - a potion of invisibility {unknown}
 n - 2 potions of cancellation {unknown}
 p - 3 potions of curing
 u - 2 potions of resistance {unknown}
 B - 4 potions of might {unknown}


   Skills:
 + Level 9.0 Fighting
 + Level 9.0 Axes
 + Level 8.6 Armour
 + Level 7.8 Dodging


You had 8 spell levels left.
You didn't know any spells.
Your spell library was empty.

Dungeon Overview and Level Annotations

Branches:
Dungeon (6/15)             Temple (0/1) D:6           Sewer (visited)
Ossuary (visited)

Altars:
Gozag

Annotations:
D:4 3 runed translucent doors, Xelenos's ghost, amateur FoFi


Innate Abilities, Weirdness & Mutations

You have a pair of horns on your head.
You reflexively headbutt those who attack you in melee.


Message History

You start resting.
You feel a strong urge to attack something.
You start resting.
You feel your anger nearly subside.
You start resting.
You are no longer berserk.
You are exhausted.
You feel yourself slow down.
You feel yourself speed up.
You recover from your berserk rage.
HP restored.
Partly explored, can't reach some places.
No target in view!
Partly explored, can't reach some places.
No target in view!
Partly explored, can't reach some places.
No target in view!
Partly explored, can't reach some places.
No target in view!
Partly explored, can't reach some places.
No target in view!
Partly explored, can't reach some places.
No target in view!
Partly explored, can't reach some places.
Partly explored, can't reach some places.
Partly explored, can't reach some places.
As you open the door, it creaks loudly!
There is an open door here.
Really walk into a travel-excluded area? [Y]es or [N]o only, please.
Really walk into a travel-excluded area? [Y]es or [N]o only, please.
Really walk into a travel-excluded area?
You are engulfed in freezing vapours.
You are engulfed in freezing vapours.
You are engulfed in freezing vapours.
You are engulfed in freezing vapours.
* * * LOW HITPOINT WARNING * * *
You are engulfed in freezing vapours.
You die...

#..............#..########.#
##..........................#
........######..............#
............##.############.#
#...)...###.##.#.#$#.....##.#
#.......#
#.##.'.#$#.###.##.#####
#.......#
#.##.#°#$#.#...##......
#.......#
#.##.#°#$#.#.##########
#.......#
#.##.#@#$#.#...........
#.#####.#
#.#..#°#°#.############ #.###
#.# #.#.##°#°#.............
....# #.#
#...##°#°############## ....#
#.# #...##°#°## ....#
#.###...##°#°##
##.####.##....##.#°##
##......#)....##°#°##
............####°#°##


There were no monsters in sight!

Vanquished Creatures
  Pikel (D:4)
  Sigmund (D:6)
  Menkaure (D:6)
  Duvessa (D:4)
  A sky beast (D:6)
  2 ice beasts
  4 ogres
  A black bear (D:4)
  A centaur (D:5)
  A lemure (D:4)
  A phantom (D:5)
  2 kobold brigands (Sewer)
  An elf zombie (Ossuary)
  2 bullfrogs (D:6)
  Blork the orc (D:6)
  2 scorpions (D:5)
  Dowan (D:4)
  2 jellies
  3 hounds
  3 gnoll boudas
  An orc priest (D:3)
  Crazy Yiuf (D:4)
  Terence (D:3)
  A sleepcap (D:5)
  4 iguanas
  5 orc wizards (D:6)
  2 mummies (Ossuary)
  8 adders
  14 gnolls
  4 river rats
  A white imp (D:5)
  2 ufetubi
  An adder zombie (Ossuary)
  6 worms
  7 dart slugs
  14 orcs
  6 endoplasms
  7 giant cockroaches
  2 goblins
  4 hobgoblins
  4 jackals (D:5)
  4 quokkas
  16 ball pythons
  5 bats
  6 frilled lizards
  2 goblin zombies (Ossuary)
  14 hobgoblin zombies (Ossuary)
  14 kobolds
  6 kobold zombies (Ossuary)
  9 orc zombies (Ossuary)
  11 rats
  4 rat zombies (Ossuary)
218 creatures vanquished.

Notes
Turn   | Place    | Note
-------+----------+-------------------------------------------
     0 | D:1      | LLlMATKO the Minotaur Berserker began the quest for the
                  | Orb.
     0 | D:1      | Reached XP level 1. HP: 19/19 MP: 0/0
   193 | D:1      | Reached XP level 2. HP: 27/27 MP: 1/1
   225 | D:1      | Found a faded altar of an unknown god.
   786 | D:1      | Reached ** piety under Trog
   824 | D:1      | Reached XP level 3. HP: 28/33 MP: 2/2
  1238 | D:2      | Identified the +2 helmet "Peapad" {Slay+5}
  1625 | D:3      | Reached XP level 4. HP: 37/40 MP: 3/3
  1788 | D:3      | Noticed Terence
  1800 | D:3      | Killed Terence
  1938 | D:3      | Reached *** piety under Trog
  1953 | D:3      | Reached XP level 5. HP: 32/47 MP: 4/4
  2262 | D:4      | Noticed Pikel
  2262 | D:4      | Noticed a lemure
  2266 | D:4      | Noticed a lemure
  2269 | D:4      | Noticed a lemure
  2270 | D:4      | Noticed a lemure
  2277 | D:4      | Killed a lemure
  2280 | D:4      | Noticed a black bear
  2281 | D:4      | Killed Pikel
  2282 | D:4      | Reached skill level 5 in Fighting
  2282 | D:4      | Reached skill level 5 in Axes
  2282 | D:4      | Reached skill level 5 in Armour
  2282 | D:4      | Reached XP level 6. HP: 33/57 MP: 5/5
  2282 | D:4      | Reached XP level 7. HP: 36/62 MP: 6/6
  2509 | D:4      | Reached skill level 5 in Dodging
  2515 | D:4      | Found a glowing drain.
  2521 | Sewer    | Entered a sewer
  3128 | D:4      | Found a runed translucent gate.
  3164 | D:4      | Noticed Duvessa
  3169 | D:4      | Noticed Dowan
  3176 | D:4      | Killed Duvessa
  3177 | D:4      | Reached XP level 8. HP: 52/71 MP: 7/7
  3184 | D:4      | Killed Dowan
  3190 | D:4      | HP: 5/106 [poisoned by a gnoll]
  3192 | D:4      | HP: 2/71 [poisoned by a gnoll]
  3208 | D:4      | HP: 3/71 [gnoll/+0 spear[a gnoll bouda] (1)]
  3540 | D:4      | Reached **** piety under Trog
  3753 | D:4      | Found a runed translucent gate.
  3753 | D:4      | Found a runed translucent gate.
  3755 | D:4      | Found an opulent altar of Gozag.
  3757 | D:4      | Noticed Xelenos's ghost (amateur FoFi)
  3950 | D:4      | Found a runed translucent door.
  3951 | D:4      | Noticed Crazy Yiuf
  4209 | D:4      | Killed Crazy Yiuf
  4315 | D:5      | Entered Level 5 of the Dungeon
  4543 | D:5      | Reached XP level 9. HP: 67/81 MP: 8/8
  4668 | D:5      | Found a sand-covered staircase.
  4672 | Ossuary  | Entered an ossuary
  4728 | Ossuary  | Reached ***** piety under Trog
  5540 | D:6      | Found a staircase to the Ecumenical Temple.
  5642 | D:6      | Noticed Blork the orc
  5658 | D:6      | Killed Blork the orc
  6309 | D:6      | Noticed Sigmund
  6318 | D:6      | Killed Sigmund
  6535 | D:6      | Noticed Menkaure
  6554 | D:6      | Killed Menkaure
  6728 | D:6      | Engulfed by a cloud of freezing vapour

Illustrated notes

Levels and vault maps discovered:
D:1:      ncdulo_wetmaze, layout_basic, basic_ecumenical_altar,
          minmay_tree_intersection, grunt_decor_clamped, kennysheep_boxes
D:2:      layout_basic, kennysheep_generic_room_9
D:3:      layout_basic, amcnicky_mini_corridor_feature, uniq_terence
D:4:      layout_loops_ring, portal_sewer_entry_e, ebering_ghost_gozag,
          minmay_crossroads, uniq_pikel, uniq_crazy_yiuf_cottage, uniq_duvessa
D:5:      minmay_recursive_quarters, layout_basic, enter_ossuary_5,
          dreamdust_mushroom_princess
D:6:      lemuel_ice_spiral_2, layout_basic, minmay_temple_entry_trees,
          minmay_a_box_with_orc_wizards_in_it, uniq_sigmund, uniq_blork_the_orc,
          uniq_menkaure

Skill      XL: |  1  2  3  4  5  6  7  8  9 |
---------------+----------------------------+-----
Axes           | 4 5 6 7 9 |  9.0
Fighting       | 4 5 6 7 9 |  9.0
Armour         | 3 5 6 7 8 |  8.6
Dodging        | 3 4 5 6 7 |  7.8

Action                     |  1- 3 |  4- 6 |  7- 9 || total
---------------------------+-------+-------+-------++-------
  Melee: Hand axe          |   105 |    66 |   355 ||   526
         Headbutt          |    13 |     7 |    83 ||   103
         Punch             |     1 |       |     1 ||     2
 Invoke: Berserk           |       |     2 |     4 ||     6
         Trog's Hand       |       |       |     1 ||     1
    Use: Scroll            |       |     4 |    12 ||    16
 Armour: Animal skin       |     2 |       |       ||     2
         Ring mail         |    18 |       |       ||    18
         Scale mail        |    30 |    27 |   177 ||   234
  Dodge: Dodged            |    74 |    30 |   245 ||   349
